 Dungeon Crawl Stone Soup version 0.31-a0-836-g3ceb0a68c4 (webtiles) character file.

Game seed: 14645280595104499150

147 hikkokomori the Trooper (level 5, 0/34 HPs)
             Began as a Gargoyle Fighter on Sept 27, 2023.
             Slain by a gnoll
             ... wielding a +0 flail
             ... led by a gnoll bouda
              (6 damage)
             ... on level 4 of the Dungeon.
             The game lasted 00:03:03 (2155 turns).

hikkokomori the Trooper (Gargoyle Fighter)          Turns: 2155, Time: 00:03:04

Health: 0/34       AC: 14    Str: 19    XL:     5   Next: 29%
Magic:  0/5        EV:  9    Int: 11    God:
Gold:   249        SH:  4    Dex:  9    Spells: 4/4 levels left

rFire   . . .        a - +0 war axe
rCold   . . .        c - +0 buckler
rNeg    + . .        b - +0 scale mail
rPois   ∞            (no helmet)
rElec   +            (no cloak)
rCorr   .            v - +2 pair of gloves
SInv    .            (no boots)
Will    .....        j - amulet of guardian spirit Stlth
                     (no ring)
HPRegen 0.25/turn    (no ring)
MPRegen 0.09/turn

%: guardian spirit
@: no status effects
A: sickness immunity, AC +4, negative energy resistance 1, electricity
resistance, torment resistance 1, petrification resistance
a: no special abilities


You were on level 4 of the Dungeon.
You visited 1 branch of the dungeon, and saw 4 of its levels.

You collected 249 gold pieces.

Inventory:

Hand Weapons
 a - a +0 war axe (weapon)
Missiles
 n - 5 silver javelins
Armour
 b - a +0 scale mail (worn)
 c - a +0 buckler (worn)
 v - a +2 pair of gloves (worn)
Jewellery
 j - an amulet of guardian spirit (around neck)
Talismans
 o - a granite talisman
Wands
 q - a wand of flame (6)
Scrolls
 f - 4 scrolls of identify
 g - a scroll of teleportation {unknown}
 h - a scroll of fear {unknown}
 i - 2 scrolls of blinking {unknown}
 l - 3 scrolls of amnesia {unknown}
Potions
 d - a potion of might
 e - a potion of cancellation {unknown}
 k - a potion of magic {unknown}
 m - a potion of heal wounds {unknown}
 p - a potion of lignification {unknown}
 r - 2 potions of curing
 s - a potion of haste {unknown}
 t - a potion of enlightenment {unknown}
 u - a potion of brilliance {unknown}


   Skills:
 + Level 4.4 Fighting
 + Level 2.9 Axes
 + Level 1.5 Throwing
 - Level 3.8 Armour
 - Level 3.7 Shields


You had 4 spell levels left.
You didn't know any spells.
Your spell library contained the following spells:

 Spells                   Type           Power      Damage    Failure   Level
 Blink                    Tloc           0%         N/A       89%         2
 Ensorcelled Hibernation  Hex/Ice        0%         N/A       89%         2
 Jinxbite                 Hex            0%         N/A       89%         2
 Lesser Beckoning         Tloc           0%         N/A       89%         2
 Momentum Strike          Conj/Tloc      0%         3d8       89%         2
 Anguish                  Hex/Necr       0%         N/A       100%        4


Dungeon Overview and Level Annotations

Branches:
Dungeon (4/15)
 Temple: D:4-7

Altars:
Cheibriados


Innate Abilities, Weirdness & Mutations

You are immune to sickness and miasma.
Your stone body is resilient. (AC +4)
You are immune to poison.
You resist negative energy. (rN+)
You are resistant to electric shocks. (rElec)
You are resistant to unholy torment.
You are immune to petrification.


Message History

The gnoll bouda hits you with a +0 whip.
You barely miss the gnoll bouda.
The gnoll bouda is almost dead.
The gnoll hits you but does no damage.
The gnoll hits you from afar with a +0 halberd!
You block the gnoll bouda's attack.
The gnoll hits you from afar with a +0 spear.
The gnoll hits you but does no damage.
You barely miss the gnoll bouda.
The gnoll bouda is almost dead.
You hit the gnoll.
The gnoll is no longer moving quickly. x2
You block the gnoll's attack.
The gnoll bouda barks out a call to the hunt!
The gnolls pick up the pace!
The gnoll hits you from afar with a +0 spear.
You block the gnoll's attack. The gnoll hits you but does no damage.
The gnoll bouda hits you but does no damage.
You hit the gnoll bouda.
You kill the gnoll bouda!
You closely miss the gnoll.
The gnoll hits you from afar with a +0 spear.
The gnoll hits you but does no damage.
The gnoll hits you from afar with a +0 halberd.
* * * LOW HITPOINT WARNING * * *
The gnoll hits you from afar with a +0 spear.
* * * LOW HITPOINT WARNING * * *
The gnoll hits you but does no damage.
Unknown command.
Unknown command.
The gnoll hits you from afar with a +0 halberd.
* * * LOW HITPOINT WARNING * * *
Okay, then.
As you read the scroll labelled MOISTR IDIMUFUPN, it crumbles to dust.
It is a scroll of identify.
r - 2 potions of curing You block the gnoll's attack.
The gnoll hits you from afar with a +0 halberd.
* * * LOW HITPOINT WARNING * * *
The gnoll attacks as it pursues you! The gnoll hits you with a +0 flail!
You die...

..... . .... ..
...#####... #..#.
....#.... ##....
#........
......#.g.#....
....###.#.....
##...#g........
#....#@?.......
#..)...........
##.....##..##...
#.....###.## ..
##........... .
######...##......
##..##....#.....##
#####...............#
#...#...............#


You could see 2 gnolls.

Vanquished Creatures
  A gnoll bouda (D:4)
  A gnoll (D:4)
  4 adders
  2 worms (D:3)
  3 orcs (D:3)
  8 endoplasms
  6 giant cockroaches
  5 goblins
  6 hobgoblins
  2 jackals (D:1)
  9 ball pythons
  5 bats
  3 frilled lizards
  3 kobolds
  4 rats
62 creatures vanquished.

Vanquished Creatures (others)
  A kobold (D:4)
1 creature vanquished.

Grand Total: 63 creatures vanquished

Notes
Turn   | Place    | Note
-------+----------+-------------------------------------------
     0 | D:1      | hikkokomori the Gargoyle Fighter began the quest for the
                  | Orb.
     0 | D:1      | Reached XP level 1. HP: 14/14 MP: 1/1
   229 | D:1      | Reached XP level 2. HP: 19/19 MP: 2/2
   476 | D:1      | Reached XP level 3. HP: 23/23 MP: 3/3
   936 | D:2      | Found a snail-covered altar of Cheibriados.
  1048 | D:2      | Found a faded altar of an unknown god.
  1594 | D:3      | Reached XP level 4. HP: 29/29 MP: 4/4
  1602 | D:3      | Reached skill level 4 in Fighting
  1668 | D:3      | Reached skill level 1 in Throwing
  2116 | D:4      | Reached XP level 5. HP: 23/33 MP: 3/5
  2155 | D:4      | Slain by a gnoll

Illustrated notes

Levels and vault maps discovered:
D:1:      heliophobic_arrival_glass_houses, layout_loops_cross
D:2:      layout_rooms, ebering_ecumenical_altar_abandoned, basic_altar,
          grunt_ministairs_6, columned_hall_lemuel
D:3:      minmay_recursive_quarters, layout_loops_cross
D:4:      dreamdust_elfheim, layout_cave_pools,
          grunt_temple_overflow_order_and_chaos_1, minmay_temple_entry_waves,
          hangedman_decor_lopped, uniq_grinder

Skill      XL: |  1  2  3  4 |
---------------+-------------+-----
Axes           | 2 |  2.9
Fighting       | 4 |  4.4
Throwing       | 1 |  1.5
Armour         | |  3.8
Shields        | |  3.7

Action                     |  1- 3 |  4- 6 || total
---------------------------+-------+-------++-------
  Melee: War axe           |   106 |    69 ||   175
    Use: Scroll            |       |     1 ||     1
 Armour: Scale mail        |    74 |    62 ||   136
  Dodge: Dodged            |    54 |    29 ||    83
  Block: Buckler           |    28 |    17 ||    45

Table legend: (Time is in decaauts)
 A = Elapsed time spent in this place.
 B = Non-inter-level travel time spent in this place.
 C = Inter-level travel time spent in this place.
 D = Time resting spent in this place.
 E = Time spent auto-exploring this place.
 F = Levels seen in this place.
 G = Mean time per level.
                   A        B        C        D        E       F      G
               +--------+--------+--------+--------+--------+-----+--------+
         Total |   2226 |   2115 |    111 |      0 |   1670 |   4 |  556.5 |
       Dungeon |   2226 |   2115 |    111 |      0 |   1670 |   4 |  556.5 |
               +--------+--------+--------+--------+--------+-----+--------+

Top non-repeatable levels by time:
     D:3: 885 daAuts
     D:1: 770 daAuts
     D:2: 496 daAuts
     D:4: 74 daAuts
